 Dungeon Crawl Stone Soup version 0.21.1-1-g345015f (webtiles) character file.

918 Dharzhak the Digger (level 8, -9/43 HPs)
             Began as a Gargoyle Earth Elementalist on Apr 26, 2018.
             Mangled by Paag's ghost (11 damage)
             ... on level 4 of the Dungeon.
             The game lasted 00:30:36 (5605 turns).

Dharzhak the Digger (Gargoyle Earth Elementalist)   Turns: 5605, Time: 00:30:37

Health: -9/43      AC: 10    Str: 12    XL:     8   Next: 9%
Magic:  17/25      EV: 12    Int: 18    God:
Gold:   233        SH:  0    Dex: 10    Spells: 7/18 levels left

rFire    . . .     SeeInvis .   l - +0 quarterstaff
rCold    . . .     Gourm    .   (shield currently unavailable)
rNeg     + . .     Faith    .   c - +0 robe
rPois    ∞         Spirit   .   (no helmet)
rElec    +         Reflect  .   s - +0 cloak
rCorr    .         Harm     .   n - +0 pair of gloves
MR       .....                  q - +0 pair of boots
Stlth    ++........             (no amulet)
HPRegen  0.14/turn              k - ring of magical power
MPRegen  0.19/turn              (no ring)

@: no status effects
A: negative energy resistance 1, electricity resistance, unbreathing,
petrification resistance, rot immunity, AC +5
a: no special abilities


You were on level 4 of the Dungeon.
You were hungry.

You visited 1 branch of the dungeon, and saw 4 of its levels.
You also visited: Sewer.

You collected 233 gold pieces.

Inventory:

Hand Weapons
 l - a +0 quarterstaff (weapon)
 m - a +2 mace of holy wrath
 v - a +1 dagger of electrocution
Missiles
 b - 48 stones
 r - 2 tomahawks (quivered)
Armour
 c - a +0 robe (worn)
 n - a +0 pair of gloves (worn)
 q - a +0 pair of boots (worn)
 s - a +0 cloak (worn)
Jewellery
 k - a ring of magical power (left hand)
 x - an uncursed ring of protection from cold {unknown}
Wands
 a - a wand of flame (38)
 u - a wand of iceblast (6)
 z - a wand of polymorph (12)
Scrolls
 f - 2 scrolls of blinking
 j - 2 scrolls of remove curse
 p - a scroll of amnesia
 t - 2 scrolls of fog
 w - a scroll of magic mapping {unknown}
 y - 3 scrolls of identify
 A - a scroll of teleportation
Potions
 g - 4 potions of mutation
 h - 3 potions of cancellation
 i - 2 potions of might
 o - 5 potions of lignification
 B - a potion of curing {unknown}
Books
 e - a book of Geomancy

   Spells                             Type                      Level
   a - Sandblast                      Earth                        1
   b - Passwall                       Transmutation/Earth          2
   c - Stone Arrow                    Conjuration/Earth            3
   d - Petrify                        Transmutation/Earth          4
   e - Lee's Rapid Deconstruction     Earth                        5
Comestibles
 d - 15 rations


   Skills:
 + Level 1.1 Fighting
 + Level 0.1 Throwing
 * Level 2.9 Dodging
 + Level 2.5 Stealth
 * Level 5.8 Spellcasting
 + Level 1.8 Conjurations
 + Level 0.7 Transmutations
 * Level 7.2 Earth Magic


You had 7 spell levels left.
You knew the following spells:

 Your Spells              Type           Power        Failure   Level  Hunger
a - Sandblast             Erth           ####..       1%          1    None
b - Passwall              Tmut/Erth      ###.......   3%          2    None
c - Stone Arrow           Conj/Erth      ###...       5%          3    ##.....
d - Lee's Rapid Deconstr  Erth           ####......   17%         5    #####..


Dungeon Overview and Level Annotations

Branches:
Dungeon (4/15)
 Temple: D:4-7

Altars:
Hepliaklqana
Zin

Annotations:
D:4 Paag's ghost, novice TrMo


Innate Abilities, Weirdness & Mutations

You are resistant to torment.
Your stone body is resilient. (AC +5)
You are immune to poison.
You resist negative energy. (rN+)
You are resistant to electric shocks. (rElec)
You can survive without breathing.
You are immune to petrification.
You are immune to rotting.


Message History

Casting: Sandblast
Confirm with . or Enter, or press ? or * to list all spells.
Aiming: Sandblast
Press: ? - help, Shift-Dir - straight line, f/p - Paag's ghost
Aim: Paag's ghost (lightly damaged)
The blast of sand misses Paag's ghost.
b - 49 stones Paag's ghost hits you!
Casting: Sandblast
Confirm with . or Enter, or press ? or * to list all spells.
Aiming: Sandblast
Press: ? - help, Shift-Dir - straight line, f/p - Paag's ghost
Aim: Paag's ghost (lightly damaged)
The blast of sand hits Paag's ghost.
Paag's ghost is lightly damaged.
b - 48 stones Paag's ghost hits you!
* * * LOW HITPOINT WARNING * * *
Paag's ghost hits you!
You die...

#............<..W.# #.#.# #.
#..##.......[..(#)####.#.####.
#.......>....)............[...
#...^.....##.#[#######.#.##'##
#........................##.##
#........................#8.8#
##.......................##.##
#.......###W#.####..#.####.##
#...........@.####......#8.8
#.......................##.#
#.......###.#.####..#.####.##
#.........#...........# 8.8
#..............###########.##
#.......#####..##8##8##8##.##
#..............'..........)..
#......######.###8##8##8##.##
#......# #.# ##########.##


You could see Paag's ghost.

Vanquished Creatures
  Blork the orc (D:4)
  2 bullfrogs (Sewer)
  2 scorpions (D:4)
  4 orc priests (D:4)
  A hound (D:4)
  An iguana (D:4)
  Jessica (D:1)
  Natasha (thrice) (D:3)
  3 orc wizards
  A worker ant (D:4)
  A hound skeleton (D:4)
  7 adders
  9 oozes
  3 worms
  2 dart slugs
  13 leopard geckos
  5 orcs
  6 bats
  13 giant cockroaches
  5 goblins
  5 hobgoblins
  2 jackals (D:1)
  5 kobolds
  10 ball pythons
  A ball python skeleton (D:4)
  13 frilled lizards
  6 rats
125 creatures vanquished.

Notes
Turn   | Place    | Note
-------+----------+-------------------------------------------
     0 | D:1      | Dharzhak the Gargoyle Earth Elementalist began the quest for the Orb.
     0 | D:1      | Reached XP level 1. HP: 10/10 MP: 3/3
   196 | D:1      | Reached skill level 4 in Earth Magic
   196 | D:1      | Reached XP level 2. HP: 15/15 MP: 0/5
   980 | D:1      | Reached XP level 3. HP: 19/19 MP: 4/6
  1013 | D:1      | Learned a level 2 spell: Passwall
  1017 | D:1      | Learned a level 3 spell: Stone Arrow
  1195 | D:2      | Noticed Jessica
  1278 | D:1      | Killed Jessica
  1278 | D:1      | Reached XP level 4. HP: 23/24 MP: 5/8
  2244 | D:2      | Found a hazy altar of Hepliaklqana.
  2677 | D:3      | Noticed Natasha
  2686 | D:3      | Killed Natasha
  2686 | D:3      | Reached XP level 5. HP: 27/28 MP: 10/10
  2702 | D:3      | Found a glowing silver altar of Zin.
  2719 | D:3      | Found a glowing drain.
  2771 | Sewer    | Entered a sewer
  3211 | Sewer    | Reached skill level 5 in Earth Magic
  3260 | Sewer    | Reached XP level 6. HP: 32/32 MP: 12/12
  3932 | Sewer    | Learned a level 5 spell: Lee's Rapid Deconstruction
  4030 | D:3      | Noticed Natasha
  4033 | D:3      | Killed Natasha
  4363 | D:3      | Noticed Natasha
  4366 | D:3      | Killed Natasha
  4366 | D:3      | Reached skill level 6 in Earth Magic
  4366 | D:3      | Reached XP level 7. HP: 36/36 MP: 14/14
  4429 | D:4      | Reached skill level 5 in Spellcasting
  4445 | D:4      | Reached skill level 1 in Conjurations
  4660 | D:4      | Noticed Blork the orc
  4694 | D:4      | Killed Blork the orc
  5014 | D:4      | Reached skill level 7 in Earth Magic
  5031 | D:4      | Noticed Paag's ghost (novice TrMo)
  5202 | D:4      | Reached XP level 8. HP: 39/41 MP: 16/16
  5228 | D:3      | Reached skill level 1 in Fighting
  5604 | D:4      | HP: 2/43 [Paag's ghost (13)]
  5605 | D:4      | Mangled by Paag's ghost

Skill      XL: |  1  2  3  4  5  6  7  8 |
---------------+-------------------------+-----
Earth Magic    | 4 5 6 7 |  7.2
Spellcasting   | 3 4 5 |  5.8
Dodging        | 2 |  2.9
Conjurations   | 1 |  1.8
Fighting       | 1 |  1.1
Throwing       | |  0.1
Stealth        | |  2.5
Transmutations | |  0.7

Action                   |  1- 3 |  4- 6 |  7- 9 || total
-------------------------+-------+-------+-------++-------
Melee: Club              |    16 |       |       ||    16
       Mace              |       |     5 |       ||     5
       Quarterstaff      |       |    15 |    10 ||    25
Throw: Tomahawk          |       |     7 |     5 ||    12
 Cast: Sandblast         |    34 |    69 |    34 ||   137
       Stone Arrow       |       |    43 |    25 ||    68
  Use: Scroll            |       |    10 |       ||    10
       Potion            |       |     1 |       ||     1
  Eat: Chunk             |     1 |    11 |     4 ||    16
       Ration            |     1 |       |       ||     1
Armor: Robe              |     9 |    30 |    18 ||    57
Dodge: Dodged            |    11 |    54 |    16 ||    81
